 Dungeon Crawl Stone Soup version 0.28-a0-533-g9f97627e2a (webtiles) character file.

Game seed: 16193108504554683475

80049 speeev33 the Warrior (level 15, -3/105 HPs)
             Began as a Gargoyle Fighter on Sept 25, 2021.
             Was the Champion of Okawaru.
             Slain by a dire elephant simulacrum (22 damage)
             ... animated by a necromancer
             ... on level 6 of the Lair of Beasts.
             The game lasted 00:34:49 (21033 turns).

speeev33 the Warrior (Gargoyle Fighter)            Turns: 21033, Time: 00:34:49

Health: -3/105     AC: 45    Str: 37    XL:     15   Next: 65%
Magic:  2/3        EV:  9    Int:  9    God:    Okawaru [******]
Gold:   1046       SH: 13    Dex:  9    Spells: 14/14 levels left

rFire   + . .      SeeInvis .   O - +6 flail "Hellblazer" {antimagic, rF+ Str+3}
rCold   . . .      Faith    .   c - +0 kite shield
rNeg    + . .      Spirit   .   H - +0 crystal plate armour
rPois   ∞          Reflect  .   L - +2 helmet
rElec   +          Harm     .   a - scarf {repulsion}
rCorr   .          Rampage  .   R - +0 pair of gloves
Will    +....                   u - +0 pair of boots
Stlth   ..........              (no amulet)
HPRegen 0.27/turn               b - ring of Zebboigh {Fire MP-9 Str+8 Slay+3}
MPRegen 0.08/turn               G - ring of ice

@: heroic, flying, studying Armour, repel missiles
A: sickness immunity, AC +11, big wings, negative energy resistance 1,
electricity resistance, torment resistance 1, petrification resistance
a: Renounce Religion, Heroism, Finesse, Duel


You were on level 6 of the Lair of Beasts.
You worshipped Okawaru.
Okawaru was exalted by your worship.
You visited 3 branches of the dungeon, and saw 16 of its levels.
You also visited: Bailey.

You collected 1340 gold pieces.
You spent 294 gold pieces at shops.

Inventory:

Hand Weapons
 B - the +8 quick blade "Killer Bee's Doom" {flame, rF+}
   (You found it on level 9 of the Dungeon)

   It burns those it strikes, dealing additional fire damage.
   rF:        It protects you from fire.
 I - a +2 demon whip of electrocution
 O - the +6 flail "Hellblazer" (weapon) {antimagic, rF+ Str+3}
   (Okawaru gifted it to you on level 5 of the Lair of Beasts)

   It reduces the magical energy of the wielder, and disrupts the spells and
   magical abilities of those it strikes.
   Natural abilities and divine invocations are not affected.
   Str:       It affects your strength (+3).
   rF:        It protects you from fire.
Missiles
 A - 6 throwing nets (quivered)
Armour
 a - a scarf of repulsion (worn)
 c - a +0 kite shield (worn)
 u - a +0 pair of boots (worn)
 H - a +0 crystal plate armour (worn)
 L - a +2 helmet (worn)
 R - a +0 pair of gloves (worn)
Jewellery
 b - the ring of Zebboigh (left hand) {Fire MP-9 Str+8 Slay+3}
   (You acquired it on level 4 of the Dungeon)

   [ring of fire]

   It enhances your fire magic.
   Str:       It affects your strength (+8).
   Slay:      It affects your accuracy & damage with ranged weapons and melee
   (+3).
   rF:        It protects you from fire.
   rC:        It makes you vulnerable to cold.
   MP:        It affects your magic capacity (-9).
 d - a +4 ring of protection
 q - a +4 ring of slaying
 v - a ring of fire
 G - a ring of ice (right hand)
 M - the ring of Zyacufuss {rCorr SInv}
   (You acquired it on level 4 of the Lair of Beasts)

   [ring of see invisible]

   SInv:      It lets you see invisible.
   rCorr:     It protects you from acid and corrosion.
Wands
 h - a wand of charming (20)
 p - a wand of paralysis (9)
 x - a wand of polymorph (22)
 z - a wand of mindburst (49)
 J - a wand of iceblast (5)
Scrolls
 l - 4 scrolls of fog
 n - 6 scrolls of teleportation
 y - 2 scrolls of blinking
 C - 2 scrolls of brand weapon
 D - a scroll of torment
 F - 2 scrolls of enchant armour
 K - 4 scrolls of amnesia
 Q - a scroll of fear
Potions
 e - 14 potions of ambrosia
 f - 6 potions of heal wounds
 g - 5 potions of curing
 i - 5 potions of haste
 j - 2 potions of degeneration
 k - 3 potions of attraction {unknown}
 m - 2 potions of invisibility {unknown}
 o - 5 potions of lignification
 r - 4 potions of flight
 s - 4 potions of brilliance
 w - 5 potions of cancellation
 E - a potion of magic {unknown}
 N - a potion of might
 P - a potion of resistance {unknown}


   Skills:
 - Level 16.5(21.5) Fighting
 - Level 14.0(19.0) Maces & Flails
 + Level 15.0(20.0) Armour
 + Level 13.2(18.2) Shields
 - Level 7.0 Invocations


You had 14 spell levels left.
You didn't know any spells.
Your spell library contained the following spells:

 Spells                   Type           Power      Damage    Failure   Level
 Shock                    Conj/Air       0%         1d3       95%         1
 Dazzling Flash           Conj/Hex       0%         N/A       100%        3
 Portal Projectile        Hex/Tloc       0%         N/A       100%        3
 Swiftness                Air            0%         N/A       100%        3
 Airstrike                Air            0%         N/A       100%        4
 Iskenderun's Mystic Bla  Conj/Tloc      0%         2d3       100%        4
 Leda's Liquefaction      Hex/Erth       0%         N/A       100%        4
 Passage of Golubria      Tloc           N/A        N/A       100%        4
 Petrify                  Tmut/Erth      0%         N/A       100%        4
 Agony                    Necr           0%         N/A       100%        5
 Borgnjor's Vile Clutch   Necr/Erth      0%         N/A       100%        5
 Lightning Bolt           Conj/Air       0%         1d11      100%        5
 Metabolic Englaciation   Hex/Ice        0%         N/A       100%        5
 Silence                  Hex/Air        0%         N/A       100%        5
 Starburst                Conj/Fire      0%         6d3       100%        6
 Orb of Destruction       Conj           0%         N/A       100%        7
 Call Canine Familiar     Summ           Unusable   N/A       N/A         3
 Summon Guardian Golem    Hex/Summ       Unusable   N/A       N/A         3
 Animate Dead             Necr           Unusable   N/A       N/A         4
 Summon Forest            Summ/Tloc      Unusable   N/A       N/A         5
 Death Channel            Necr           Unusable   N/A       N/A         6
 Statue Form              Tmut/Erth      Unusable   N/A       N/A         6
 Spellforged Servitor     Conj/Summ      Unusable   N/A       N/A         7

Dungeon Overview and Level Annotations

Branches:
Dungeon (9/15)             Temple (1/1) D:5            Lair (6/6) D:9
 Shoals (0/4) Lair:2       Spider (0/4) Lair:4        Slime (0/5) Lair:5
 Bailey (visited)
    Orc: D:9-12

Altars:
Dithmenos
Elyvilon
Fedhas
Hepliaklqana
Kikubaaqudgha
Nemelex Xobeh
Okawaru
Qazlal
Ru
Sif Muna
Trog
Uskayaw
Vehumet
Wu Jian
Xom
Yredelemnul
Zin
The Shining One

Shops:
D:8 [

Annotations:
Lair:4 2 transporters, Puekk's ghost, journeyman DsMo


Innate Abilities, Weirdness & Mutations

You are immune to sickness and miasma.
Your stone body is resilient. (AC +11)
You are immune to poison.
Your large and strong wings let you fly.
You resist negative energy. (rN+)
You are resistant to electric shocks. (rElec)
You are resistant to unholy torment.
You are immune to petrification.


Message History

The dire elephant tramples you but does no damage.
The dire elephant trunk-slaps you but does no damage.
The dire elephant simulacrum barely misses you.
The dire elephant simulacrum trunk-slaps you but does no damage.
You sock the dire elephant!
The dire elephant is lightly wounded.
The dire elephant tramples you but does no damage.
You block the dire elephant's attack.
You bludgeon the dire elephant!!
The dire elephant is moderately wounded.
You block the dire elephant simulacrum's attack. x2
You sock the dire elephant!
The dire elephant is heavily wounded.
The dire elephant tramples you but does no damage.
You block the dire elephant's attack.
You hit the dire elephant.
The dire elephant is heavily wounded.
The dire elephant simulacrum tramples you but does no damage.
The dire elephant simulacrum barely misses you.
The dire elephant tramples you but does no damage.
You block the dire elephant's attack.
You bludgeon the dire elephant!!
The dire elephant is severely wounded.
You sock the dire elephant!
The dire elephant is almost dead.
You block the dire elephant simulacrum's attack.
The dire elephant simulacrum trunk-slaps you.
The dire elephant simulacrum freezes you!!!
* * * LOW HITPOINT WARNING * * *
You block the dire elephant's attack.
The dire elephant trunk-slaps you but does no damage.
You thump the dire elephant!
The dire elephant is almost dead.
The dire elephant tramples you but does no damage.
You block the dire elephant's attack.
You block the dire elephant simulacrum's attack.
The dire elephant simulacrum trunk-slaps you.
* * * LOW HITPOINT WARNING * * *
The dire elephant simulacrum freezes you!!
You die...

................................♣
.♣#♣####♣.......♣########'''#####
##########♣....###....†..........
# #8.....##♣♣♣##P..#####8.⌠.8####
#......# ####.###≈.###8.8###..
###8.....####....#≈≈≈≈.#######8..
########'#P..P####.≈≈≈≈#8pY.8#.[.
#)## #.#.####.8#.≈≈≈≈'...$.#)..
#'## #..P#...Z@Y..≈≈≈'...[)#8..
♣.♣♣ #8..#....8##.≈≈##8...8##..
P..♣♣####''#''#### ### ###
#....##....#...# #P♣..........###
##♣♣..P.....## ♣♣.##.#### ######


You could see a dire elephant (soul bound) and a dire elephant simulacrum.

Vanquished Creatures
  An orc warlord (Bailey)
  3 dire elephants (Lair:6)
  Fannar (Lair:1)
  7 hydras
  8 death yaks
  Urug (Lair:5)
  A spectral death yak (Lair:6)
  Nergalle (Lair:1)
  A fire crab (Lair:5)
  A spectral anaconda (Lair:6)
  An obsidian statue (Lair:6)
  3 necromancers (Lair:6)
  An oklob plant (D:7)
  2 manticores (Lair:4)
  23 elephants
  5 black mambas
  Maggie (D:9)
  12 cane toads
  2 dire elephant skeletons (Lair:6)
  A kobold demonologist (D:8)
  Psyche (D:8)
  4 rime drakes
  7 komodo dragons
  3 meliai (Lair:4)
  2 queen bees
  Grinder (D:4)
  2 merfolk (Lair:2)
  A polar bear (Lair:3)
  22 blink frogs
  20 dream sheep
  Sigmund (D:2)
  A redback (Lair:4)
  5 wyverns
  5 basilisks
  36 yaks
  A death yak simulacrum (Lair:6)
  A spectral cane toad (Lair:6)
  Edmund (D:4)
  11 water moccasins
  A sky beast (D:5)
  9 orc warriors
  An ice beast (D:5)
  A hornet zombie (D:5)
  8 wolves
  4 elephant zombies (Lair:6)
  2 centaurs
  4 ogres
  11 kobold brigands
  11 bullfrogs
  2 cane toad simulacra (Lair:6)
  7 gnoll sergeants
  3 scorpions
  A water moccasin zombie (D:5)
  2 water moccasin skeletons (D:4)
  2 elephant simulacra (Lair:6)
  55 killer bees
  3 wights (D:8)
  A howler monkey (D:8)
  4 centaur zombies
  8 orc priests
  6 gnoll shamans
  7 hounds
  5 jellies
  A centaur skeleton (D:5)
  Jessica (D:3)
  Ijyb (D:3)
  6 orc wizards
  5 iguanas
  2 howler monkey zombies
  Robin (D:3)
  38 gnolls
  A howler monkey skeleton (D:3)
  8 adders
  A river rat (Lair:4)
  4 shadow imps
  A white imp (D:5)
  An ufetubus (D:5)
  2 worms
  2 dart slugs
  35 orcs
  10 ball pythons
  22 endoplasms
  4 giant cockroaches
  20 goblins
  15 hobgoblins
  11 jackals
  26 kobolds
  4 quokkas
  7 bats
  2 frilled lizards
  5 rats
595 creatures vanquished.

Vanquished Creatures (others)
  25 fungi
  24 plants
  14 withered plants (Lair:6)
63 creatures vanquished.

Grand Total: 658 creatures vanquished

Notes
Turn   | Place    | Note
-------+----------+-------------------------------------------
     0 | D:1      | speeev33 the Gargoyle Fighter began the quest for the Orb.
     0 | D:1      | Reached XP level 1. HP: 14/14 MP: 1/1
   324 | D:1      | Reached XP level 2. HP: 12/19 MP: 2/2
   812 | D:1      | Reached XP level 3. HP: 15/23 MP: 3/3
  1017 | D:1      | Found a faded altar of an unknown god.
  1499 | D:2      | Noticed Sigmund
  1562 | D:2      | HP: 1/24 [Sigmund (1)]
  1566 | D:2      | Killed Sigmund
  1567 | D:2      | Reached skill level 4 in Fighting
  1567 | D:2      | Reached XP level 4. HP: 2/30 MP: 4/4
  1567 | D:2      | Reached XP level 5. HP: 2/34 MP: 5/5
  1976 | D:2      | Reached XP level 6. HP: 40/40 MP: 6/6
  2143 | D:2      | Reached skill level 5 in Fighting
  2463 | D:2      | Got Fastroesm's Tome of the Traveller and Attacks
  2494 | D:3      | Found a transporter.
  2508 | D:3      | Found a transporter.
  2508 | D:3      | Noticed Robin
  2635 | D:3      | Killed Robin
  2949 | D:3      | Noticed Ijyb
  2972 | D:3      | Killed Ijyb
  3022 | D:3      | Reached skill level 5 in Armour
  3133 | D:3      | Noticed Jessica
  3141 | D:3      | Killed Jessica
  3163 | D:3      | Found a stormy altar of Qazlal.
  3203 | D:3      | Found a sparkling altar of Nemelex Xobeh.
  3467 | D:4      | Reached XP level 7. HP: 36/44 MP: 7/7
  3808 | D:4      | Noticed Grinder
  3821 | D:4      | Killed Grinder
  3822 | D:4      | Reached skill level 6 in Fighting
  3822 | D:4      | Reached skill level 5 in Maces & Flails
  4074 | D:4      | Reached XP level 8. HP: 52/52 MP: 8/8
  4347 | D:4      | Noticed Edmund
  4364 | D:4      | Killed Edmund
  4372 | D:4      | Identified a scroll of acquirement
  4384 | D:4      | Acquired the ring of Zebboigh {Fire MP-9 Str+8 Slay+3}
  4796 | D:4      | Reached skill level 7 in Fighting
  4850 | D:5      | Entered Level 5 of the Dungeon
  4992 | D:5      | Reached XP level 9. HP: 45/59 MP: 0/9
  5123 | D:5      | Reached skill level 8 in Fighting
  5287 | D:5      | Found a staircase to the Ecumenical Temple.
  5438 | Temple   | Entered the Ecumenical Temple
  5444 | Temple   | Became a worshipper of Warmaster Okawaru
  5927 | D:6      | Found a blossoming altar of Fedhas.
  7129 | D:7      | Found a glowing golden altar of the Shining One.
  7696 | D:7      | Noticed an oklob plant
  7725 | D:7      | Reached * piety under Okawaru
  7731 | D:7      | Reached skill level 9 in Fighting
  8361 | D:8      | Reached XP level 10. HP: 66/66 MP: 1/10
  8543 | D:8      | Noticed Psyche
  8554 | D:8      | Killed Psyche
  8650 | D:8      | Reached ** piety under Okawaru
  8673 | D:8      | Noticed a kobold demonologist
  8680 | D:8      | Reached skill level 10 in Fighting
  8694 | D:8      | Killed a kobold demonologist
  8695 | D:8      | Reached skill level 10 in Armour
  8841 | D:8      | Found Wazielump's Antique Armour Emporium.
  8864 | D:8      | Reached *** piety under Okawaru
  9222 | D:8      | Bought a pitted buckler for 294 gold pieces
  9222 | D:8      | Identified the +1 buckler of Joyrus {rPois rN+ Int-3} (You
                  | bought it in a shop on level 8 of the Dungeon)
  9337 | D:9      | Noticed Maggie
  9348 | D:9      | Killed Maggie
  9751 | D:9      | Found a flagged portal.
  9755 | D:9      | Reached XP level 11. HP: 42/73 MP: 2/11
  9761 | Bailey   | Entered a bailey
  9785 | Bailey   | Noticed an orc warlord
  9978 | Bailey   | Reached skill level 5 in Shields
  9979 | Bailey   | Reached **** piety under Okawaru
 10003 | Bailey   | Found a runed translucent gate.
 10005 | Bailey   | Found a runed translucent gate.
 10007 | Bailey   | Found a runed translucent gate.
 10126 | Bailey   | Killed an orc warlord
 10127 | Bailey   | Reached skill level 11 in Fighting
 10129 | Bailey   | HP: 2/74 [orc (5)]
 10544 | D:9      | Reached skill level 14 in Fighting
 10544 | D:9      | Reached XP level 12. HP: 86/86 MP: 3/12
 10545 | D:9      | Reached XP level 13. HP: 91/91 MP: 4/13
 10877 | D:9      | Found a radiant altar of Vehumet.
 11075 | D:9      | Found a staircase to the Lair.
 11140 | Lair:1   | Entered Level 1 of the Lair of Beasts
 11204 | Lair:1   | Noticed Nergalle
 11216 | Lair:1   | Killed Nergalle
 11253 | Lair:1   | Reached ***** piety under Okawaru
 11399 | Lair:1   | Noticed Fannar
 11805 | Lair:1   | Killed Fannar
 12391 | Lair:2   | Reached skill level 15 in Fighting
 12842 | Lair:2   | Received a gift from Okawaru
 12843 | Lair:2   | Reached skill level 10 in Shields
 13233 | Lair:2   | Reached skill level 1 in Invocations
 13236 | Lair:2   | Found a staircase to the Shoals.
 13487 | Lair:2   | Acquired a +0 crystal plate armour
 13531 | Lair:3   | Gained mutation: Your large and strong wings let you fly.
                  | [Gargoyle growth]
 13531 | Lair:3   | Reached XP level 14. HP: 93/98 MP: 4/15
 14557 | D:9      | Identified the +8 quick blade "Killer Bee's Doom" {flame,
                  | rF+}
 14686 | Lair:4   | Reached ****** piety under Okawaru
 14728 | Lair:4   | Received a gift from Okawaru
 15283 | Lair:4   | Found a hole to the Spider Nest.
 15465 | Lair:4   | Found a transporter.
 15468 | Lair:4   | Found a transporter.
 15468 | Lair:4   | Noticed Puekk's ghost (journeyman DsMo)
 15494 | Lair:4   | Identified the +7 halberd of Death {vorpal, Fragile rF+++
                  | rCorr SInv}
 15724 | Lair:4   | Acquired the ring of Zyacufuss {rCorr SInv}
 16458 | Lair:5   | Reached skill level 16 in Fighting
 16487 | Lair:5   | Reached skill level 5 in Invocations
 16629 | Lair:5   | Noticed Urug
 16644 | Lair:5   | Killed Urug
 16649 | Lair:5   | Identified the +6 flail "Hellblazer" {antimagic, rF+ Str+3}
                  | (Okawaru gifted it to you on level 5 of the Lair of Beasts)
 16649 | Lair:5   | Received a gift from Okawaru
 16891 | Lair:5   | Found a staircase to the Slime Pits.
 18065 | Lair:6   | Entered Level 6 of the Lair of Beasts
 18239 | Lair:6   | Received a gift from Okawaru
 18568 | Lair:6   | Reached XP level 15. HP: 105/105 MP: 3/19
 19928 | Lair:6   | Received a gift from Okawaru
 20493 | Lair:6   | Identified the +7 falchion "Gatto" {freeze, Str+3}
 21024 | Lair:6   | Reached skill level 15 in Armour
 21033 | Lair:6   | Slain by a dire elephant simulacrum

Illustrated notes

Levels and vault maps discovered:
D:1:      psy_arrival_terrarium, layout_basic,
          shapermc_ecumenical_altar_hornbeckon
D:2:      cheibrodos_helix_gallery, layout_loops_ring,
          chequers_serial_rivers_micro_c, minmay_guardbox, uniq_sigmund
D:3:      gammafunk_wand_slinger, layout_basic, grunt_temple_overflow_open,
          uniq_ijyb, uniq_robin, uniq_jessica
D:4:      layout_basic, uniq_grinder, uniq_edmund
D:5:      layout_rooms, minmay_temple_entry_junction_2, dk_vineyard_2,
          minmay_diced_spiral
D:6:      layout_cave_pods, nicolae_overflow_crystal_walls,
          hangedman_decor_peaks_small, solitary_fountain
D:7:      lemuel_slime, layout_basic, mainiacjoe_overflow_small_starburst,
          st_stairs_8
D:8:      layout_layer_cave, special_room [special_room_kobold], serial_shops,
          nicolae_shop_stone, uniq_psyche
D:9:      layout_big_octagon, fiery_altar_vehumet, david_lair_shrubbed,
          serial_gnoll_camp, gnoll_camp_medium_02, gnoll_camp_mini_hut,
          gnoll_camp_mini_hut, gnoll_camp_mini_house, gnoll_camp_huts_basic,
          enter_bailey_3, uniq_maggie
Temple:   nicolae_temple_x_marks_the_god
Lair:1:   layout_layer_cave, uniq_fannar, uniq_nergalle
Lair:2:   layout_regular_city, elwin_shoals_entry_rooms, beast_lair_carwin_11,
          grunt_megastairs_5
Lair:3:   layout_gridlike, special_room [special_room_bee], grunt_megastairs_3
Lair:4:   regret_index_bee_streams, layout_regular_city,
          spider_nest_entry_rubble, gammafunk_ghost_arena
Lair:5:   layout_loops_ring, slime_dummy, uniq_urug
Lair:6:   due_jungle_book, layout_cave_pods

Skill      XL: |  1  2  3  4  5  6  7  8  9 10 11 12 13 14 15 |
---------------+----------------------------------------------+-----
Fighting       | 4 5 6 7 9 10 14 15 16 | 16.5
Maces & Flails | 3 4 5 6 8 9 11 12 13 14 | 14.0
Armour         | 4 5 6 7 9 10 11 12 13 15 | 15.0
Shields        | 4 5 8 10 11 13 | 13.2
Invocations    | 1 6 7 |  7.0

Action                   |  1- 3 |  4- 6 |  7- 9 | 10-12 | 13-15 || total
-------------------------+-------+-------+-------+-------+-------++-------
Melee: Flail             |   147 |    40 |       |       |   526 ||   713
       Whip              |       |   139 |   365 |   315 |   517 ||  1336
       Demon whip        |       |       |       |       |   167 ||   167
Invok: Heroism           |       |       |       |       |     4 ||     4
Evoke: Wand              |       |       |     1 |       |     2 ||     3
  Use: Scroll            |     3 |     3 |     5 |       |    19 ||    30
       Potion            |     1 |       |       |     3 |       ||     4
 Stab: Betrayed ally     |       |       |     1 |       |       ||     1
Armor: Scale mail        |   105 |    80 |    30 |       |       ||   215
       Chain mail        |       |       |    87 |       |       ||    87
       Plate armour      |       |       |    31 |   246 |    84 ||   361
       Crystal plate arm |       |       |       |       |   623 ||   623
Dodge: Dodged            |    75 |    89 |   117 |    98 |   246 ||   625
Block: Buckler           |    23 |    46 |    52 |    27 |       ||   148
       Kite shield       |       |       |       |   111 |   540 ||   651

Table legend: (Time is in decaauts)
 A = Elapsed time spent in this place.
 B = Non-inter-level travel time spent in this place.
 C = Inter-level travel time spent in this place.
 D = Time resting spent in this place.
 E = Time spent auto-exploring this place.
 F = Levels seen in this place.
 G = Mean time per level.
                   A        B        C        D        E       F      G
               +--------+--------+--------+--------+--------+-----+--------+
         Total |  20573 |  19234 |   1339 |   4950 |   9457 |  17 | 1210.2 |
       Dungeon |  10916 |  10087 |    829 |   2221 |   5287 |   9 | 1212.9 |
        Temple |     14 |     14 |      0 |      0 |      0 |   1 |   14.0 |
          Lair |   8868 |   8358 |    510 |   2267 |   4122 |   6 | 1478.0 |
        Bailey |    774 |    774 |      0 |    462 |     47 |   1 |  774.0 |
               +--------+--------+--------+--------+--------+-----+--------+

Top non-repeatable levels by time:
  Lair:6: 2729 daAuts
  Lair:4: 1513 daAuts
     D:2: 1358 daAuts
     D:1: 1297 daAuts
  Lair:2: 1290 daAuts
     D:4: 1280 daAuts
     D:9: 1266 daAuts
     D:7: 1246 daAuts
     D:8: 1228 daAuts
  Lair:1: 1180 daAuts
     D:3: 1151 daAuts
  Lair:5: 1123 daAuts
     D:6: 1086 daAuts
  Lair:3: 1031 daAuts
     D:5: 999 daAuts
